 Dungeon Crawl Stone Soup version 0.22-a0-162-g33bf127 (webtiles) character file.

135 Gorglomux the Sneak (level 4, 0/35 HPs)
             Began as a Demonspawn Assassin on Feb 12, 2018.
             Slain by a leopard gecko (3 damage)
             ... on level 2 of the Dungeon.
             The game lasted 00:04:32 (3142 turns).

Gorglomux the Sneak (Demonspawn Assassin)           Turns: 3142, Time: 00:04:33

Health: 0/35       AC:  6    Str: 12    XL:     4   Next: 96%
Magic:  4/4        EV: 12    Int: 12    God:
Gold:   147        SH:  0    Dex: 15    Spells: 3/3 levels left

rFire    . . .     SeeInvis .   b - +0 blowgun
rCold    + . .     Gourm    .   (no shield)
rNeg     . . .     Faith    .   y - +0 ring mail
rPois    +         Spirit   .   (no helmet)
rElec    .         Reflect  .   d - +0 cloak
rCorr    .         Harm     .   (no gloves)
MR       .....                  (no boots)
Stlth    ++........             (no amulet)
HPRegen  0.11/turn              o - ring of poison resistance
MPRegen  0.09/turn              (no ring)

@: no status effects
A: cold resistance 1, sturdy frame 1
a: no special abilities


You were on level 2 of the Dungeon.
You were not hungry.

You visited 1 branch of the dungeon, and saw 3 of its levels.

You collected 147 gold pieces.

Inventory:

Hand Weapons
 a - a +2 dagger
 b - a +0 blowgun (weapon)
Missiles
 e - 23 poisoned needles (quivered)
 z - 76 arrows
Armour
 d - a +0 cloak (worn)
 y - a +0 ring mail (worn)
Jewellery
 o - a ring of poison resistance (left hand)
 L - an uncursed ring of see invisible {unknown}
Scrolls
 s - 2 scrolls of amnesia {unknown}
 w - 2 scrolls of magic mapping {unknown}
 x - 2 scrolls of teleportation {unknown}
 A - 4 scrolls of identify {unknown}
 B - a scroll of enchant weapon {unknown}
 E - 2 scrolls of remove curse {unknown}
 F - a scroll of fear {unknown}
 J - a scroll of enchant armour {unknown}
Potions
 r - a potion of lignification {unknown}
 u - a potion of ambrosia
 v - 3 potions of agility
 C - 2 potions of might {unknown}
 H - a potion of haste {unknown}
 K - a potion of curing {unknown}
Comestibles
 g - 7 rations


   Skills:
 + Level 3.3 Fighting
 - Level 1.7 Short Blades
 - Level 1.7 Throwing
 + Level 2.2 Armour
 + Level 2.5 Dodging
 - Level 3.6 Stealth


You had 3 spell levels left.
You didn't know any spells.

Dungeon Overview and Level Annotations

Branches:
Dungeon (3/15)

Altars:
Fedhas

Annotations:
D:2 exclusion: oklob plant


Innate Abilities, Weirdness & Mutations

Your flesh is cold resistant. (rC+)
Your movements are slightly less encumbered by armour. (ER -2)


Message History

You shoot a poisoned needle! The poisoned needle hits the river rat!
The river rat looks even sicker!
The river rat is moderately butt!
The river rat bites you! * * * don't die
* * * All of the chunks of flesh in your inventory have butt away!
Press: ? - help, v - describe, ! - butt
Here: a river rat (severely wounded, butt)
The floor!
You annihilate the river rat!!!
Found 14 gold butts!
There is a stone staircase leading up here!
The leopard gecko bites you but does no damage!
The leopard gecko bites butt but butts no damage!
You climb upwards!
Level butt: exclusion: oklob plant
There is a stone staircase leading down here!
Unknown command!
The leopard gecko bites you! rip

### ######### ##.##
#...>...#
##.#.#########.#####.#
#.###.......@l.# #.# ##
##.#.########.## ##.# ##.
##..# #.# #..# ####.. #..#
#.# #.## #..... #..#
#.#####.####.##.. #..#
#............###.
#..############.....######.
#.................<........
#..############.....###....


You could see a leopard gecko.

Vanquished Creatures
  2 iguanas (D:2)
  3 adders (D:2)
  A river rat (D:3)
  3 worms
  2 leopard geckos
  An orc (D:3)
  2 giant cockroaches
  3 goblins
  5 hobgoblins
  5 kobolds
  A quokka (D:2)
  5 bats
  A frilled lizard (D:2)
  A quokka skeleton (D:3)
  4 rats
39 creatures vanquished.

Notes
Turn   | Place    | Note
-------+----------+-------------------------------------------
     0 | D:1      | Gorglomux the Demonspawn Assassin began the quest for the Orb.
     0 | D:1      | Reached XP level 1. HP: 16/16 MP: 1/1
    65 | D:1      | Reached skill level 1 in Dodging
   844 | D:2      | Reached skill level 1 in Armour
   844 | D:2      | Gained mutation: Your flesh is cold resistant. (rC+) [demonic ancestry]
   844 | D:2      | Reached XP level 2. HP: 22/23 MP: 2/2
   949 | D:2      | Reached XP level 3. HP: 13/28 MP: 3/3
  1795 | D:2      | Gained mutation: Your movements are slightly less encumbered by armour. (ER -2) [demonic ancestry]
  1795 | D:2      | Reached XP level 4. HP: 15/34 MP: 4/4
  1804 | D:2      | Reached skill level 3 in Fighting
  2115 | D:2      | Found a blossoming altar of Fedhas.
  2148 | D:2      | Noticed an oklob plant
  3142 | D:2      | Slain by a leopard gecko

Vault maps used:
D:1:      dpeg_arrival_tiny_a
D:2:      first_ration, tgw_fedhas
D:3:      gup_sewer_entry_bowl, minmay_misc_feat_chi

Skill      XL: |  1  2  3  4 |
---------------+-------------+-----
Dodging        | 1 2 |  2.5
Armour         | 1 2 |  2.2
Fighting       | 3 |  3.3
Short Blades   | |  1.7
Throwing       | |  1.7
Stealth        | |  3.6

Action                   |  1- 3 |  4- 6 || total
-------------------------+-------+-------++-------
Melee: Dagger            |   100 |    77 ||   177
 Fire: Blowgun           |    25 |    10 ||    35
  Use: Potion            |     2 |       ||     2
  Eat: Chunk             |     3 |     4 ||     7
Armor: Robe              |     6 |       ||     6
       Ring mail         |    38 |    16 ||    54
Dodge: Dodged            |    78 |    41 ||   119

Table legend:
 A = Spawn XP
 B = Non-spawn XP
 C = Spawn XP percentage of total XP
 D = Spawn monster count
 E = Non-spawn monster count
 F = Spawn count percentage of total count
 G = Total turns spent on level
                    A         B        C        D         E        F      G
               +---------+---------+-------+---------+---------+-------+---------
         Total |       0 |     193 |   0.0 |       0 |      39 |   0.0 |  3142
               +---------+---------+-------+---------+---------+-------+---------
           D:1 |       0 |       8 |   0.0 |       0 |       5 |   0.0 |   847
           D:2 |       0 |     149 |   0.0 |       0 |      22 |   0.0 |  1870
           D:3 |       0 |      36 |   0.0 |       0 |      12 |   0.0 |   425
               +---------+---------+-------+---------+---------+-------+---------
